 Dungeon Crawl Stone Soup version 0.30-a0-622-gddc90eaa04 (webtiles) character file.

Game seed: 9175821669065651389

362 Vylera the Magician (level 6, -4/42 HPs)
             Began as a Djinni Earth Elementalist on Jan 11, 2023.
             Was a Priest of Ashenzari.
             Slain by a gnoll sergeant
             ... wielding a +2 spear of freezing
              (12 damage)
             ... on level 4 of the Dungeon.
             The game lasted 00:18:32 (4231 turns).

Vylera the Magician (Djinni Earth Elementalist)     Turns: 4231, Time: 00:18:33

Health: -4/42      AC:  4    Str:  7    XL:     6   Next: 99%
Gold:   166        EV: 14    Int: 18    God:    Ashenzari [***...] SH:  0 Dex: 20

rFire   + + .      SeeInvis +    B - +1 dagger (pain)
rCold   x . .      Faith    .    (no shield)
rNeg    . . .      Spirit   .    s - +0 robe of the Lashed Sky {Will+, Fort, Cun} (curse)
rPois   ∞          Reflect  .    o - +0 helmet
rElec   .          Harm     .    y - scarf "Jealousy of Ashenzari" {repulsion, Self, Range} (curse)
rCorr   .          Rampage  .    v - +0 pair of gloves of Ashenzari's Stickiness {Evo, Range} (curse)
Will    +....      Clarity  +    (boots unavailable)
Stlth   ++                       (no amulet)
HPRegen 0.27/turn                r - ring of the Fated Oracle {Dex+6, Evo, Melee} (curse)
MPRegen 0.00/turn                (no ring)

@: flying, repel missiles
A: sickness immunity, fire resistance 2, cold vulnerability 1, float, innate
caster, HP casting, extra vitality 1
a: Renounce Religion, Shatter the Chains


You were on level 4 of the Dungeon.
You worshipped Ashenzari.
Ashenzari was most pleased with you.
You visited 1 branch of the dungeon, and saw 4 of its levels.
You also visited: Sewer.

You collected 166 gold pieces.

Inventory:

Hand Weapons
 e - a +0 dagger
 B - a +1 dagger of pain (weapon)
Armour
 a - a +0 cloak
 o - a +0 helmet (worn)
 s - the cursed +0 robe of the Lashed Sky (worn) {Will+, Fort, Cun}
   (You found it on level 3 of the Dungeon)

   It has a curse which improves the following skills: Fortitude: Armour and
   Shields.
   Cunning:   Dodging and Stealth.
 v - the cursed +0 pair of gloves of Ashenzari's Stickiness (worn) {Evo, Range}
   (You found it on level 3 of the Dungeon)

   It has a curse which improves the following skills: Evocations: Evocations.
   Ranged Combat: Ranged Weapons and Throwing.
 y - the cursed scarf "Jealousy of Ashenzari" (worn) {repulsion, Self, Range}
   (You found it on level 4 of the Dungeon)

   It has a curse which improves the following skills: Introspection: Fighting
   and Spellcasting.
   Ranged Combat: Ranged Weapons and Throwing.
Jewellery
 l - a ring of fire
 r - the cursed ring of the Fated Oracle (left hand) {Dex+6, Evo, Melee}
   (You found it on level 3 of the Dungeon)

   [ring of dexterity]

   Dex:       It affects your dexterity (+6).
   It has a curse which improves the following skills: Evocations: Evocations.
   Melee Combat: Short Blades, Long Blades, Axes, Maces & Flails, Polearms,
   Staves and Unarmed Combat.
Wands
 b - a wand of charming (9)
 m - a wand of roots (4)
Scrolls
 g - 2 scrolls of fear
 i - 2 scrolls of teleportation
 p - a scroll of poison
 t - a scroll of enchant weapon
 u - 2 scrolls of summoning
 x - 2 scrolls of fog
 A - a scroll of magic mapping
Potions
 c - 4 potions of lignification
 d - 4 potions of curing
 f - 3 potions of cancellation
 h - a potion of heal wounds
 j - a potion of berserk rage
 k - 3 potions of mutation
 n - a potion of might
 q - 2 potions of invisibility
 w - 3 potions of haste
 z - a potion of brilliance


   Skills:
 + Level 0.6(1.4) Fighting
 - Level 1.4(2.5) Armour
 - Level 2.8(4.2) Dodging
 - Level 1.5(2.7) Stealth
 * Level 4.8(6.3) Spellcasting
 + Level 2.2(4.1) Evocations


You had 4 spell levels left.
You knew the following spells:

 Your Spells              Type           Power      Damage    Failure   Level
a - Sandblast             Erth           56%        2d13      1%          1
b - Passwall              Tmut/Erth      23%        N/A       1%          2
c - Stone Arrow           Conj/Erth      56%        3d10      2%          3
d - Petrify               Tmut/Erth      28%        N/A       9%          4
e - Magic Dart            Conj           100%       1d8       1%          1
f - Call Imp              Summ           28%        N/A       1%          2
Your spell library was empty.

Dungeon Overview and Level Annotations

Branches:
Dungeon (4/15)              Sewer (visited)
 Temple: D:4-7

Altars:
Ashenzari


Innate Abilities, Weirdness & Mutations

You are immune to sickness and miasma.
You are immune to poison.
Your flesh is very heat resistant. (rF++)
You are vulnerable to cold. (rC-)
You float through the air rather than walking.
You learn spells naturally, not from books.
Your magical power is your life essence.
You have superior vitality. (+4 MHP)


Message History

Unknown command.
Casting: Sandblast (safe; 1% risk of failure)
Confirm with . or Enter, or press ? or * to list all spells.
Aiming: Sandblast (safe; 1% risk of failure)
Press: ? - help, Shift-Dir - straight line, f/p - gnoll sergeant
Aim: a gnoll sergeant, wielding a +2 spear of freezing and wearing a +0 scale mail (moderately wounded, 87% to hit)
The blast of sand hits the gnoll sergeant but does no damage.
The gnoll sergeant is moderately wounded.
The gnoll sergeant hits you with a +2 spear of freezing!
The gnoll sergeant freezes you.
Casting: Sandblast (safe; 1% risk of failure)
Confirm with . or Enter, or press ? or * to list all spells.
Aiming: Sandblast (safe; 1% risk of failure)
Press: ? - help, Shift-Dir - straight line, f/p - gnoll sergeant
Aim: a gnoll sergeant, wielding a +2 spear of freezing and wearing a +0 scale mail (moderately wounded, 87% to hit)
The blast of sand hits the gnoll sergeant!
The gnoll sergeant is severely wounded.
The gnoll sergeant closely misses you. The gnoll hits you with a +0 whip.
Casting: Sandblast (safe; 1% risk of failure)
Confirm with . or Enter, or press ? or * to list all spells.
Aiming: Sandblast (safe; 1% risk of failure)
Press: ? - help, Shift-Dir - straight line, f/p - gnoll sergeant
Aim: a gnoll sergeant, wielding a +2 spear of freezing and wearing a +0 scale mail (severely wounded, 87% to hit)
The blast of sand hits the gnoll sergeant.
The gnoll sergeant is almost dead.
The gnoll sergeant closely misses you. The gnoll barely misses you.
Casting: Sandblast (safe; 1% risk of failure)
Confirm with . or Enter, or press ? or * to list all spells.
Aiming: Sandblast (safe; 1% risk of failure)
Press: ? - help, Shift-Dir - straight line, f/p - gnoll sergeant
Aim: a gnoll sergeant, wielding a +2 spear of freezing and wearing a +0 scale mail (almost dead, 87% to hit)
The blast of sand hits the gnoll sergeant.
The gnoll sergeant is almost dead.
The gnoll sergeant hits you with a +2 spear of freezing.
* * * LOW HITPOINT WARNING * * *
The gnoll sergeant freezes you.
* * * LOW HITPOINT WARNING * * *
The gnoll closely misses you.
The gnoll sergeant hits you with a +2 spear of freezing!
You die...

..## ####..............####..#.#
##.## #..................# #.....
###.###..................###.....
###..#..<.................##.....
≈###.............................
## #.........................#...
####........................###..
..#........≈≈≈≈.≈≈≈≈.......## #..
...........≈##≈g@##≈......## ##.
...........≈###g###≈.....## #.
...........≈≈#gg{#≈≈#....# #.
##.........≈≈#..,#≈≈#....# ##.
##.....##.≈≈#.${#≈≈.....# ###..
##..#####≈#######≈.....# ##....
#...# #≈##≈≈≈##≈....<###...##
#..## #≈≈≈≈≈≈≈≈≈.).[......###
###..## ####................#


You could see a gnoll sergeant and 3 gnolls.

Vanquished Creatures
  A hound (D:4)
  An iguana (D:4)
  Robin (D:2)
  9 adders
  3 river rats (Sewer)
  A dart slug (D:4)
  2 orcs (D:4)
  4 endoplasms
  8 giant cockroaches
  15 goblins
  12 hobgoblins
  6 quokkas
  2 ball pythons
  3 bats
  11 frilled lizards
  6 kobolds
  10 rats
95 creatures vanquished.

Vanquished Creatures (collateral kills)
  An ogre (D:4)
  An endoplasm (D:4)
2 creatures vanquished.

Grand Total: 97 creatures vanquished

Notes
Turn   | Place    | Note
-------+----------+-------------------------------------------
     0 | D:1      | Vylera the Djinni Earth Elementalist began the quest for
                  | the Orb.
     0 | D:1      | Vylera set off with the following spells memorised:
                  | Sandblast, Passwall, Stone Arrow, Petrify.
     0 | D:1      | Reached XP level 1. HP: 15/15 MP: 0/0
   111 | D:1      | Reached XP level 2. HP: 10/21 MP: 0/0
   308 | D:1      | You are sucked into a shaft and drop 1 floor!
   387 | D:2      | Reached skill level 3 in Spellcasting
   406 | D:2      | Reached XP level 3. HP: 23/25 MP: 0/0
   406 | D:2      | Learned a level 1 spell: Magic Dart
   922 | D:2      | Noticed Robin
   928 | D:2      | Killed Robin
   943 | D:2      | Reached XP level 4. HP: 12/31 MP: 0/0
  1390 | D:2      | Found a broken altar of Ashenzari.
  1398 | D:2      | Became a worshipper of Ashenzari the Shackled
  2024 | D:3      | Reached skill level 4 in Spellcasting
  2344 | D:3      | Reached * piety under Ashenzari
  2525 | D:4      | Noticed an ogre
  2581 | D:4      | Reached XP level 5. HP: 33/35 MP: 0/0
  2581 | D:4      | Learned a level 2 spell: Call Imp
  2603 | D:4      | Found a glowing drain.
  2610 | Sewer    | Entered a sewer
  2630 | Sewer    | Reached skill level 1 in Evocations
  3071 | Sewer    | Reached XP level 6. HP: 38/40 MP: 0/0
  3318 | D:4      | Reached ** piety under Ashenzari
  3407 | D:4      | Reached skill level 1 in Armour
  3474 | D:4      | Killed an ogre
  3657 | D:4      | Reached *** piety under Ashenzari
  4231 | D:4      | Slain by a gnoll sergeant

Illustrated notes

Levels and vault maps discovered:
D:1:      evilmike_arrival_hilbert_curve, layout_rooms, nicolae_titane
D:2:      layout_basic, basic_altar, minmay_pentomino_x4, uniq_robin
D:3:      layout_basic
D:4:      layout_layer_cave, gup_sewer_entry_bubbles,
          chequers_serial_rivers_micro_e, lightli_minifort

Skill      XL: |  1  2  3  4  5  6 |
---------------+-------------------+-----
Spellcasting   | 3 4 |  4.8
Evocations     | 1 2 |  2.2
Armour         | 1 |  1.4
Fighting       | |  0.6
Dodging        | |  2.8
Stealth        | |  1.5

Action                   |  1- 3 |  4- 6 || total
-------------------------+-------+-------++-------
Melee: Dagger            |    18 |     8 ||    26
 Cast: Sandblast         |    38 |   102 ||   140
       Magic Dart        |     8 |    23 ||    31
       Stone Arrow       |       |     1 ||     1
       Call Imp          |       |     4 ||     4
Invok: Curse Item        |       |     4 ||     4
  Use: Scroll            |       |     1 ||     1
 Stab: Sleeping          |     1 |     2 ||     3
Armor: Robe              |     4 |     9 ||    13
Dodge: Dodged            |    24 |    45 ||    69

Table legend: (Time is in decaauts)
 A = Elapsed time spent in this place.
 B = Non-inter-level travel time spent in this place.
 C = Inter-level travel time spent in this place.
 D = Time resting spent in this place.
 E = Time spent auto-exploring this place.
 F = Levels seen in this place.
 G = Mean time per level.
                   A        B        C        D        E       F      G
               +--------+--------+--------+--------+--------+-----+--------+
         Total |   4298 |   4221 |     77 |    386 |   3070 |   5 |  859.6 |
       Dungeon |   3677 |   3600 |     77 |    189 |   2784 |   4 |  919.2 |
         Sewer |    620 |    620 |      0 |    197 |    286 |   1 |  620.0 |
               +--------+--------+--------+--------+--------+-----+--------+

Top non-repeatable levels by time:
     D:4: 1090 daAuts
     D:2: 991 daAuts
     D:3: 836 daAuts
     D:1: 759 daAuts
   Sewer: 620 daAuts
